Map: Site Delta LE

Players

ChalupaEater - Winner!

  • Race: Terran Terran
  • League: Silver
  • Spawn Location: 11:00

xBenx

  • Race: Zerg Zerg
  • League: Gold
  • Spawn Location: 5:00

VOD

Have the link to the VOD?

Description

xBenx vs ChalupaEater

Time

  • Played on: April 2, 2024, 4:46 p.m.
  • Length: 13:40
Show
View Real Time Build Order
Export as new Build Order

ChalupaEater Terran - Winner!

Build Orders: Reaper Expand 

Get SALT Encoding   

  12  0:00  SCV  
  13  0:12  SCV  
  14  0:18  Supply Depot  
  14  0:24  SCV  
  15  0:40  SCV  
  15  0:41  Barracks  
  16  0:48  Refinery  
  16  0:52  SCV  
  17  1:04  SCV  
  18  1:16  SCV  
  19  1:30  Orbital Command  
  19  1:35  Reaper  
  20  1:46  Command Center  
  20  1:56  SCV  
  20  1:57  Refinery  
  21  2:04  Supply Depot  
  21  2:13  Marine  
  22  2:17  Factory  
  22  2:22  SCV  
  23  2:30  Marine  
  24  2:48  Marine  
  24  2:51  SCV  
  26  2:57  Barracks  
  26  3:03  Orbital Command  
  26  3:05  Factory Reactor  
  26  3:07  Starport  
  26  3:11  Barracks Reactor  
  26  3:16  SCV  
  27  3:28  SCV  
  27  3:29  SCV  
  27  3:33  Supply Depot  
  29  3:42  Hellion x2  
  29  3:43  SCV x2  
  29  3:45  Starport Reactor  
  29  3:46  Barracks Tech Lab  
  35  3:51  Marine x2  
  35  3:55  Refinery  
  37  3:56  SCV x2  
  39  4:05  Hellion  
  39  4:06  Hellion  
  39  4:08  SCV x2  
  45  4:13  Stimpack  
  45  4:17  Barracks  
  45  4:19  Supply Depot  
  45  4:22  SCV x2  
  47  4:27  Medivac x2  
  53  4:33  Hellion  
  53  4:41  Hellion  
  53  4:42  Supply Depot, Marine x2  
  53  4:43  Marine  
  58  4:49  SCV x2  
  60  4:53  Supply Depot  
  47  6:03  Barracks Tech Lab  
  47  6:04  Marauder, Marine x2  
  47  6:05  Medivac x2  
  47  6:07  Factory Tech Lab, SCV x2  
  47  6:10  Refinery  
  57  6:11  Supply Depot  
  57  6:13  Command Center  
  57  6:17  Engineering Bay  
  57  6:19  SCV x2  
  61  6:25  Marine  
  61  6:26  Marine, Marauder  
  61  6:27  Combat Shield, Marauder  
  61  6:28  Concussive Shells  
  61  6:31  Supply Depot, SCV x2  
  67  6:47  Marine x2  
  65  6:54  Siege Tank, Supply Depot  
  67  6:57  Terran Infantry Weapons Level 1  
  67  6:58  SCV x2  
  72  7:04  Marine  
  72  7:05  Marine x3  
  76  7:10  Viking x2  
  80  7:21  Barracks  
  80  7:22  SCV x2  
  82  7:26  Barracks  
  82  7:33  Engineering Bay  
  82  7:34  Starport  
  82  7:36  Armory  
  82  7:42  Orbital Command  
  82  7:43  Siege Tank  
  85  7:49  Medivac x2  
  85  7:51  Marine x4  
  90  7:57  Factory  
  93  8:04  Supply Depot  
  93  8:11  Orbital Command  
  93  8:15  Siege Tank  
  93  8:18  Barracks Tech Lab  
  93  8:19  Marine x4, Marauder x2  
  104  8:25  Supply Depot  
  104  8:27  Supply Depot x2  
  104  8:31  SCV x2  
  106  8:37  SCV  
  107  8:43  SCV x2  
  107  8:44  Factory Tech Lab  
  107  8:47  Siege Tank, Supply Depot  
  112  8:49  Supply Depot  
  112  8:50  SCV  
  112  8:55  SCV x2  
  115  8:59  Terran Infantry Weapons Level 2, Terran Infantry Armor Level 1  
  115  9:02  SCV, Refinery  
  116  9:07  SCV x2, Refinery  
  116  9:08  Marine x2  
  116  9:09  Marine  
  121  9:14  SCV  
  122  9:37  Marine x4  
  122  9:38  Marauder x2  
  130  9:39  Marauder  
  130  9:42  Siege Tank, Supply Depot  
  135  9:54  Marine x2  
  135  9:55  Marine x2  
  135  9:58  Siege Tank  
  135  9:59  Marauder x2  
  129  10:00  Marauder  
  129  10:04  SCV x3  
  129  10:05  Supply Depot  
  131  10:14  Siege Tank, Sensor Tower  
  131  10:16  SCV x2  
  131  10:17  SCV  
  137  10:22  Medivac x2  
  137  10:27  Marine  
  137  10:28  Marine x3, Marauder x3  
  151  10:30  Siege Tank  
  154  10:45  Marine x2  
  154  10:46  Siege Tank, Marine x2  
  154  10:49  Marauder x2  
  165  10:55  Marine  
  166  11:03  Marine x3  
  166  11:04  Marine  
  170  11:10  Marauder, Marine  
  169  11:13  Marauder  
  164  11:25  Medivac x2  
  164  11:26  Marine  
  164  11:27  Marine x3  
  164  11:28  Marauder  
  164  11:32  Marauder  
  175  11:35  Marauder  
  175  11:38  SCV x3  
  180  11:44  Marine x2  
  180  11:45  Marine  
  180  11:46  Marine  
  181  11:55  SCV x2  
  181  11:59  Command Center, SCV  
  181  12:35  Supply Depot  
  181  12:37  Marauder  
  181  12:41  Marine  
  181  12:43  Marine  
  181  12:57  Marauder x2, Medivac, Marine x2  
  189  12:59  Supply Depot  
  189  13:11  Marauder, Marine x2  
  195  13:14  Marine x2  
  195  13:18  Marine  
  195  13:19  Marauder  
  198  13:22  Supply Depot  
Show
View Real Time Build Order
Export as new Build Order

xBenx Zerg 

Build Orders: Hatch First 

Get SALT Encoding   

  12  0:02  Drone  
  13  0:17  Overlord  
  13  0:30  Drone  
  14  0:39  Drone  
  15  0:45  Drone  
  16  0:52  Hatchery  
  15  1:08  Drone x2  
  17  1:17  Extractor  
  16  1:19  Spawning Pool  
  16  1:20  Extractor  
  14  1:38  Drone x2  
  14  1:39  Drone  
  17  1:51  Overlord  
  17  2:04  Drone  
  17  2:05  Drone  
  17  2:07  Queen  
  21  2:11  Drone  
  22  2:23  Zergling x4  
  22  2:27  Drone  
  24  2:55  Hatchery  
  23  2:58  Drone  
  23  2:59  Drone x2  
  23  3:01  Spine Crawler  
  23  3:04  Spine Crawler  
  23  3:05  Drone x2  
  26  3:16  Drone  
  27  3:26  Overlord  
  27  3:30  Zergling x10  
  32  3:39  Queen  
  34  3:47  Drone x2  
  36  3:55  Baneling Nest  
  34  3:56  Drone  
  34  3:57  Extractor  
  34  4:03  Drone x3  
  34  4:07  Drone  
  38  4:12  Queen  
  38  4:15  Zergling x2  
  41  4:30  Metabolic Boost  
  41  4:32  Lair  
  41  4:33  Drone x2  
  43  4:38  Spore Crawler  
  43  4:42  Spore Crawler  
  43  4:43  Spore Crawler  
  40  4:53  Baneling x5  
  40  4:55  Drone x2  
  40  4:56  Drone x2  
  40  4:59  Drone  
  45  5:04  Spore Crawler  
  43  5:11  Roach Warren  
  42  5:20  Spore Crawler  
  42  5:21  Drone x2  
  42  5:23  Queen  
  42  5:28  Spine Crawler  
  43  5:30  Evolution Chamber  
  42  5:36  Evolution Chamber  
  35  5:51  Zergling x14  
  35  5:52  Zergling x6  
  40  6:01  Queen  
  42  6:12  Drone x3, Spine Crawler  
  44  6:19  Baneling x2  
  44  6:20  Baneling x4  
  44  6:26  Zergling x2  
  44  6:28  Drone x2  
  47  6:34  Drone x2  
  42  6:50  Centrifugal Hooks  
  41  6:55  Drone x8, Extractor  
  48  7:06  Spore Crawler  
  48  7:07  Spore Crawler  
  46  7:11  Spine Crawler  
  45  7:15  Overlord x2  
  45  7:33  Zerg Ground Armor Level 1  
  45  7:43  Drone  
  46  7:46  Extractor, Drone x4  
  46  7:48  Extractor  
  46  7:49  Drone x2  
  46  7:51  Drone x2  
  52  8:04  Burrow  
  52  8:12  Hydralisk Den  
  51  8:16  Drone x4  
  51  8:19  Drone x3  
  58  8:27  Overlord x2  
  58  8:31  Hatchery  
  57  8:38  Overlord  
  57  8:39  Overlord  
  57  8:44  Zergling x2  
  57  8:46  Overlord x2  
  57  8:47  Zergling x4, Hydralisk, Roach  
  57  8:48  Roach x2  
  68  9:02  Zerg Missile Weapons Level 1  
  68  9:04  Glial Reconstitution  
  68  9:07  Hydralisk x2  
  68  9:08  Roach x3  
  78  9:14  Baneling x3  
  78  9:23  Drone x3, Spine Crawler  
  80  9:25  Drone x3  
  80  9:26  Extractor, Drone  
  80  9:29  Zergling x2  
  84  9:38  Drone  
  85  9:47  Infestation Pit  
  85  9:51  Drone, Queen  
  80  10:09  Drone x2  
  80  10:10  Drone x7  
  80  10:13  Hydralisk x3  
  80  10:14  Roach x3  
  101  10:37  Hatchery  
  101  10:40  Spore Crawler  
  101  10:41  Spore Crawler, Hive  
  97  10:43  Spine Crawler  
  97  10:48  Drone  
  97  10:49  Drone x2, Lurker Den  
  91  10:52  Roach x5  
  67  11:21  Zergling x2, Hydralisk x3  
  67  11:22  Zergling x10, Hydralisk, Roach x3  
  62  11:47  Baneling x2  
  60  12:00  Zergling x2, Hydralisk x3  
  60  12:01  Zergling x4, Roach x3  
  75  12:08  Drone x2  
Tags
 
Add a new tag
Caveats
  • Supply blocks, unpowered buildings, or Contaminate may cause inaccurate times.
  • Supply counts are checked every 10 seconds.